 Dungeon Crawl Stone Soup version 0.30-a0-728-gc68057be0a (webtiles) character file.

Game seed: 7508012028716332429

23 IdlyInterested the Cutter (level 2, -1/24 HPs)
             Began as a Demonspawn Monk on Jan 30, 2023.
             Slain by a worm (7 damage)
             ... on level 1 of the Dungeon.
             The game lasted 00:02:32 (1130 turns).

IdlyInterested the Cutter (Demonspawn Monk)         Turns: 1130, Time: 00:02:33

Health: -1/24      AC:  7    Str: 11    XL:     2   Next: 75%
Magic:  2/2        EV: 11    Int: 11    God:
Gold:   38         SH:  0    Dex: 15    Spells: 1/1 levels left

rFire   . . .      SeeInvis .    a - +0 short sword
rCold   . . .      Faith    .    (no shield)
rNeg    . . .      Spirit   .    e - +0 ring mail
rPois   .          Reflect  .    (no helmet)
rElec   .          Harm     .    (no cloak)
rCorr   .          Rampage  .    f - +0 pair of gloves
Will    .....                    (no boots)
Stlth   +                        (no amulet)
HPRegen 0.24/turn                (no ring)
MPRegen 0.08/turn                (no ring)

@: no status effects
A: rugged brown scales 1
a: no special abilities


You were on level 1 of the Dungeon.
You visited 1 branch of the dungeon, and saw 2 of its levels.

You collected 38 gold pieces.

Inventory:

Hand Weapons
 a - a +0 short sword (weapon)
Missiles
 g - 19 stones (quivered)
Armour
 b - a +0 robe
 e - a +0 ring mail (worn)
 f - a +0 pair of gloves (worn)
Scrolls
 i - a scroll of poison {unknown}
 j - a scroll of vulnerability {unknown}
Potions
 c - 2 potions of ambrosia
 d - a potion of curing {unknown}
 h - 2 potions of degeneration {unknown}
 k - a potion of cancellation {unknown}


   Skills:
 - Level 3.0 Fighting
 * Level 3.4 Short Blades
 - Level 3.0 Dodging
 + Level 1.9 Stealth


You had one spell level left.
You didn't know any spells.
Your spell library was empty.

Dungeon Overview and Level Annotations

Branches:
Dungeon (2/15)

Altars:


Innate Abilities, Weirdness & Mutations

You are partially covered in rugged brown scales. (AC +1, +3% HP)


Message History

You completely miss the jackal.
The jackal is almost dead.
The jackal bites you.
You closely miss the jackal.
The jackal is almost dead.
The jackal bites you but does no damage.
You hit the jackal.
You kill the jackal!
You barely miss the worm. You hit the worm.
The worm is lightly wounded.
The worm bites you but does no damage.
You barely miss the worm.
The worm is lightly wounded.
You hit the worm.
The worm is moderately wounded.
The worm bites you.
You hit the worm.
The worm is heavily wounded.
You hit the worm but do no damage.
The worm is heavily wounded.
The worm bites you.
You hit the worm but do no damage.
The worm is moderately wounded.
You hit the worm.
The worm is severely wounded.
The worm bites you!
* * * LOW HITPOINT WARNING * * *
You hit the worm.
The worm is severely wounded.
You hit the worm but do no damage.
The worm is severely wounded.
The worm bites you.
* * * LOW HITPOINT WARNING * * *
You hit the worm but do no damage.
The worm is heavily wounded.
You hit the worm.
The worm is severely wounded.
The worm bites you!
You die...

..~≈≈'...##'###+##...+≈≈~...####.
..≈≈≈'...#.......#...+≈≈~...# #†
..~~≈#'#'#.#####.###'#≈≈~...# ##.
...~~≈≈#...#...#...'≈≈≈≈≈...# #..
.⌠..~≈~'.⌠.'.<.###.#≈≈≈≈≈...# #..
.⌠..~~≈'.⌠.'...###.#≈≈≈≈~...# #..
...≈~≈≈#...#...#...'≈≈≈≈≈...# #..
..~≈≈#+###.#####.###'#≈≈≈...# ##+
..~≈≈+...'......@w...+≈≈~...# #.
..~≈≈+...##+###+##.†>+≈≈~...# #.
..~≈≈#+#+#≈≈≈≈≈≈≈#+#+#≈≈~...####.
..~≈≈≈≈≈≈≈≈≈≈≈≈≈≈≈≈≈≈≈≈≈≈........
..≈≈≈≈≈≈≈≈≈≈≈≈≈≈≈≈≈≈≈≈≈≈~........
..~~~~~~~≈≈~~~~~≈~≈~~≈~~~........
#.........................##.....
#.........................##.....
...............>.................


You could see a worm.

Vanquished Creatures
  2 giant cockroaches (D:1)
  2 hobgoblins (D:1)
  7 jackals (D:1)
  2 kobolds (D:1)
  A ball python (D:1)
  2 bats (D:1)
  3 goblins (D:1)
  A rat (D:1)
20 creatures vanquished.

Notes
Turn   | Place    | Note
-------+----------+-------------------------------------------
     0 | D:1      | IdlyInterested the Demonspawn Monk began the quest for the
                  | Orb.
     0 | D:1      | Reached XP level 1. HP: 18/18 MP: 1/1
   101 | D:1      | Found a faded altar of an unknown god.
   164 | D:1      | Gained mutation: You are partially covered in rugged brown
                  | scales. (AC +1, +3% HP) [demonic ancestry]
   164 | D:1      | Reached XP level 2. HP: 17/24 MP: 2/2
  1130 | D:1      | Slain by a worm

Illustrated notes

Levels and vault maps discovered:
D:1:      dpeg_arrival_castle, layout_basic, hellmonk_ecumenical_altar_run_dry
D:2:      layout_basic

Skill      XL: |  1  2 |
---------------+-------+-----
Short Blades   | 3 |  3.4
Dodging        | 3 |  3.0
Fighting       | |  3.0
Stealth        | |  1.9

Action                     || total
---------------------------++-------
  Melee: Short sword       ||   134
 Armour: Ring mail         ||    67
  Dodge: Dodged            ||    84

Table legend: (Time is in decaauts)
 A = Elapsed time spent in this place.
 B = Non-inter-level travel time spent in this place.
 C = Inter-level travel time spent in this place.
 D = Time resting spent in this place.
 E = Time spent auto-exploring this place.
 F = Levels seen in this place.
 G = Mean time per level.
                   A        B        C        D        E       F      G
               +--------+--------+--------+--------+--------+-----+--------+
         Total |   1117 |    875 |    242 |     19 |    630 |   2 |  558.5 |
       Dungeon |   1117 |    875 |    242 |     19 |    630 |   2 |  558.5 |
               +--------+--------+--------+--------+--------+-----+--------+

Top non-repeatable levels by time:
     D:1: 1108 daAuts
     D:2: 8 daAuts
